 Dungeon Crawl Stone Soup version 0.29.1-2-gbd0b4ee654 (webtiles) character file.

Game seed: 6340663654618455525

2867 nshep25 the Cleaver (level 9, 0/78 HPs)
             Began as a Minotaur Fighter on Nov 11, 2022.
             Was a Follower of the Shining One.
             Succumbed to an orc's poison
             ... on level 8 of the Dungeon.
             The game lasted 00:17:12 (7927 turns).

nshep25 the Cleaver (Minotaur Fighter)              Turns: 7927, Time: 00:17:13

Health: 0/78       AC: 13    Str: 24    XL:     9   Next: 47%
Magic:  0/8        EV:  8    Int:  5    God:    the Shining One [*.....]
Gold:   677        SH: 13    Dex: 11    Spells: 8/8 levels left

rFire   + + .      SeeInvis .   a - +0 war axe
rCold   . . .      Faith    .   N - +0 tower shield
rNeg    . . .      Spirit   +   M - +3 scale mail of the Dozen Nightmares {-Cast rF++}
rPois   .          Reflect  .   (helmet restricted)
rElec   .          Harm     .   L - +0 cloak
rCorr   .          Rampage  .   (no gloves)
Will    .....      NoCast   +   y - +0 pair of boots
Stlth   ..........              A - amulet of guardian spirit
HPRegen 0.23/turn               (no ring)
MPRegen 0.11/turn               (no ring)

@: lethally poisoned (0 -> -1), glowing
A: horns 2, retaliatory headbutt
a: Renounce Religion, Divine Shield


You were on level 8 of the Dungeon.
You worshipped the Shining One.
The Shining One was aware of your devotion.
You visited 2 branches of the dungeon, and saw 10 of its levels.

You collected 677 gold pieces.

Inventory:

Hand Weapons
 a - a +0 war axe (weapon)
Missiles
 j - a boomerang (quivered)
Armour
 b - a +0 scale mail
 c - a +0 buckler
 k - a +0 kite shield
 y - a +0 pair of boots (worn)
 L - a +0 cloak (worn)
 M - the +3 scale mail of the Dozen Nightmares (worn) {-Cast rF++}
   (You found it on level 7 of the Dungeon)

   rF:        It greatly protects you from fire.
   -Cast:     It prevents spellcasting.
 N - a +0 tower shield (worn)
Jewellery
 o - an amulet of magic regeneration
 A - an amulet of guardian spirit (around neck)
 K - the amulet of Elemental Vulnerability {rPois rF-- rC-- AC+8}
   (You found it on level 6 of the Dungeon)

   [amulet of nothing]

   AC:        It affects your AC (+8).
   rF:        It makes you very vulnerable to fire.
   rC:        It makes you very vulnerable to cold.
   rPois:     It protects you from poison.
Wands
 t - a wand of flame (27)
 x - a wand of roots (15)
 C - a wand of mindburst (13)
 H - a wand of digging (8)
Scrolls
 e - 6 scrolls of poison {unknown}
 i - 7 scrolls of identify {unknown}
 p - 2 scrolls of enchant weapon {unknown}
 q - 2 scrolls of fear {unknown}
 r - a scroll of acquirement {unknown}
 u - a scroll of magic mapping {unknown}
 w - a scroll of vulnerability {unknown}
 z - a scroll of noise {unknown}
 B - a scroll of fog {unknown}
 D - 5 scrolls of amnesia {unknown}
 E - a scroll of immolation {unknown}
 F - 2 scrolls of teleportation {unknown}
 I - a scroll of brand weapon {unknown}
Potions
 d - 2 potions of might
 f - a potion of cancellation {unknown}
 g - 3 potions of attraction {unknown}
 h - 6 potions of curing {unknown}
 l - 2 potions of heal wounds {unknown}
 m - 2 potions of ambrosia {unknown}
 n - 3 potions of mutation {unknown}
 s - 2 potions of brilliance {unknown}
 v - 4 potions of lignification {unknown}
 G - a potion of magic {unknown}
 J - a potion of flight {unknown}


   Skills:
 + Level 6.6 Fighting
 + Level 9.5 Axes
 + Level 4.7 Throwing
 + Level 7.0 Armour
 + Level 4.2 Dodging
 + Level 1.3 Stealth
 * Level 6.7 Shields


You had 8 spell levels left.
You didn't know any spells.
Your spell library contained the following spells:

 Spells                   Type           Power      Damage    Failure   Level
 Beastly Appendage        Tmut           0%         N/A       100%        1
 Foxfire                  Conj/Fire      0%         2x1d4     100%        1
 Magic Dart               Conj           0%         1d3       100%        1
 Sting                    Tmut/Pois      0%         1d3       100%        1
 Poisonous Vapours        Pois/Air       0%         N/A       100%        2
 Searing Ray              Conj           0%         2d4       100%        2
 Wereblood                Tmut           0%         N/A       100%        2
 Conjure Flame            Conj/Fire      0%         6-21      100%        3
 Gell's Gravitas          Tloc           0%         N/A       100%        3
 Inner Flame              Hex/Fire       0%         N/A       100%        3
 Lesser Beckoning         Tloc           0%         N/A       100%        3
 Ozocubu's Armour         Ice            0%         N/A       100%        3
 Spider Form              Tmut/Pois      0%         N/A       100%        3
 Teleport Other           Tloc           0%         N/A       100%        3
 Flame Wave               Conj/Fire      0%         2d4       100%        4
 Fulminant Prism          Conj/Hex       0%         3d6       100%        4
 Olgreb's Toxic Radiance  Pois           0%         N/A       100%        4
 Metabolic Englaciation   Hex/Ice        0%         N/A       100%        5
 Simulacrum               Ice/Necr       0%         N/A       100%        6


Dungeon Overview and Level Annotations

Branches:
Dungeon (9/15)             Temple (1/1) D:5
   Lair: D:8-11         Orc: D:9-12

Altars:
Cheibriados
Dithmenos
Elyvilon
Fedhas
Gozag
Hepliaklqana
Kikubaaqudgha
Makhleb
Nemelex Xobeh
Okawaru
Ru
Sif Muna
Trog
Uskayaw
Vehumet
Wu Jian
Xom
Zin
The Shining One

Annotations:
D:8 3 transporters


Innate Abilities, Weirdness & Mutations

You have a pair of horns on your head.
You reflexively headbutt those who attack you in melee.


Message History

You headbutt the orc warrior, but do no damage.
You hit the orc.
You feel very sick. You block the orc's attack.
The orc warrior hits you with a +2 scimitar of distortion.
Space warps around you.
You barely miss the orc warrior. You headbutt the orc warrior!
The orc warrior is heavily wounded.
You hit the orc.
You feel very sick. You block the orc's attack.
You block the orc warrior's attack.
The orc warrior hits you with a +2 scimitar of distortion.
Space warps around you. You block the orc's attack.
You barely miss the orc.
The orc is almost dead.
You barely miss the orc warrior.
You feel sick. You block the orc's attack.
The orc warrior hits you with a +2 scimitar of distortion!
* * * LOW HITPOINT WARNING * * *
You hit the orc but do no damage.
The orc is almost dead.
You hit the orc warrior but do no damage.
You feel sick. You block the orc's attack.
The orc warrior hits you but does no damage.
Space warps around you!
* * * LOW HITPOINT WARNING * * *
You completely miss the orc.
The orc is almost dead.
You completely miss the orc warrior.
You feel sick. You block the orc's attack.
The orc warrior hits you but does no damage.
Space warps around you.
* * * LOW HITPOINT WARNING * * *
The orc warrior hits you with a +2 scimitar of distortion!
* * * LOW HITPOINT WARNING * * *
Space warps horribly around you.
* * * LOW HITPOINT WARNING * * *
The orc hits you but does no damage.
You barely miss the orc. Your headbutt misses the orc.
The orc is almost dead.
You hit the orc warrior.
You die...

......#.......# #..........
......#.......# #..........
......#.......# #..........
.....(#.o.....# #..........
##...###..##.############......##
##...###..####..#.....###......##
.....#...........................
.....#..........o................
.....#.........o@)..........†....
.....#....##...####....##........
##..###...###### ###'###.......#
###'###.?.# #....##########
.[...#....# #..............
.....#.... #..............
.....#....# #..............
....## #..# ##### #...###..######
'#######..###...###...###..##...#


You could see an orc warrior and an orc.

Vanquished Creatures
  A troll (D:8)
  A steam dragon (D:6)
  2 water moccasins
  Duvessa (D:7)
  3 ice beasts
  4 sky beasts
  A black bear (D:7)
  2 centaurs (D:6)
  2 phantoms
  A kobold brigand (D:7)
  2 bullfrogs (D:8)
  A necrophage (D:6)
  2 scorpions
  Dowan (D:7)
  A howler monkey (D:6)
  Crazy Yiuf (D:7)
  An orc priest (D:8)
  A gnoll bouda (D:7)
  5 hounds
  2 jellies (D:5)
  2 orc wizards
  4 iguanas
  Robin (D:2)
  7 adders
  3 gnolls (D:7)
  A shadow imp (D:7)
  A worm (D:3)
  2 dart slugs
  21 orcs
  6 bats
  6 endoplasms
  A giant cockroach (D:1)
  18 goblins
  8 hobgoblins
  3 jackals (D:5)
  11 kobolds
  4 quokkas
  13 ball pythons
  2 frilled lizards (D:1)
  6 rats
155 creatures vanquished.

Notes
Turn   | Place    | Note
-------+----------+-------------------------------------------
     0 | D:1      | nshep25 the Minotaur Fighter began the quest for the Orb.
     0 | D:1      | Reached XP level 1. HP: 19/19 MP: 0/0
   172 | D:1      | Reached XP level 2. HP: 26/27 MP: 1/1
   551 | D:1      | Reached skill level 3 in Axes
   575 | D:1      | Reached XP level 3. HP: 32/33 MP: 2/2
   993 | D:2      | Found a radiant altar of Vehumet.
  1142 | D:2      | Noticed Robin
  1156 | D:2      | Killed Robin
  1370 | D:2      | Reached XP level 4. HP: 37/40 MP: 3/3
  1653 | D:3      | Reached skill level 1 in Dodging
  2133 | D:3      | Found a glowing golden altar of the Shining One.
  2156 | D:3      | Became a worshipper of the Shining One
  2256 | D:3      | Reached XP level 5. HP: 46/46 MP: 4/4
  2301 | D:3      | Reached skill level 4 in Axes
  2686 | D:4      | Found a glowing silver altar of Zin.
  2758 | D:4      | Found a snail-covered altar of Cheibriados.
  2858 | D:4      | Found an iron altar of Okawaru.
  3097 | D:5      | Entered Level 5 of the Dungeon
  3117 | D:5      | Reached XP level 6. HP: 47/53 MP: 3/5
  3164 | D:5      | Reached skill level 1 in Throwing
  3295 | D:5      | Found a shadowy altar of Dithmenos.
  3570 | D:5      | Found a staircase to the Ecumenical Temple.
  3590 | Temple   | Entered the Ecumenical Temple
  3767 | D:5      | Reached skill level 5 in Axes
  4318 | D:6      | Noticed a water moccasin
  4324 | D:6      | Killed a water moccasin
  4325 | D:6      | Reached skill level 5 in Shields
  4325 | D:6      | Reached XP level 7. HP: 54/60 MP: 6/6
  4407 | D:6      | Reached skill level 5 in Armour
  4486 | D:6      | Noticed a steam dragon
  4498 | D:6      | Killed a steam dragon
  4499 | D:6      | Reached skill level 6 in Axes
  4503 | D:6      | Reached skill level 5 in Fighting
  4638 | D:6      | Reached XP level 8. HP: 43/68 MP: 7/7
  4826 | D:6      | Reached skill level 7 in Axes
  5165 | D:6      | Found the amulet of Elemental Vulnerability {rPois rF--
                  | rC-- AC+8}
  5449 | D:7      | Reached * piety under the Shining One
  5459 | D:7      | Reached skill level 1 in Stealth
  5608 | D:7      | Found a runed translucent door.
  5609 | D:7      | Noticed Crazy Yiuf
  5616 | D:7      | Killed Crazy Yiuf
  5673 | D:7      | Noticed Dowan
  5674 | D:7      | Noticed Duvessa
  5687 | D:7      | Killed Duvessa
  5688 | D:7      | Reached skill level 8 in Axes
  5690 | D:7      | Killed Dowan
  5804 | D:7      | Identified the +3 scale mail of the Dozen Nightmares {-Cast
                  | rF++}
  5999 | D:7      | Reached XP level 9. HP: 46/75 MP: 8/8
  6841 | D:8      | Reached skill level 9 in Axes
  7021 | D:8      | Noticed a troll
  7029 | D:8      | Killed a troll
  7248 | D:8      | Found a transporter.
  7267 | D:8      | Found a transporter.
  7335 | D:8      | Found a transporter.
  7926 | D:8      | HP: 1/78 [orc warrior/+2 scimitar of distortion (4)]
  7927 | D:8      | Succumbed to an orc's poison

Illustrated notes

Levels and vault maps discovered:
D:1:      minmay_arrival_hallway, layout_loops_ring
D:2:      layout_loops_ring, basic_altar, minmay_tromino_i4, uniq_robin
D:3:      layout_loops_ring, lemuel_crystal_altar
D:4:      layout_loops_ring, lemuel_round_altar, grunt_temple_overflow_open,
          minmay_surrounded
D:5:      layout_basic, grunt_dithmenos_smoke_and_mirrors,
          minmay_temple_entry_junction
D:6:      wander_river, layout_cave_pools, minmay_quadrilaterals
D:7:      layout_loops_ring, serial_glass, glass_columns_c, glass_columns_a,
          glass_columns_a, glass_columns_b, glass_columns_b, glass_columns_c,
          minmay_strange_pillars, due_unseen_surprise, corexii_leaking_fountain,
          minmay_door_square, uniq_duvessa, uniq_crazy_yiuf_cottage
D:8:      layout_gridville, nicolae_diode_intersection
D:9:      layout_roguey, mainiacjoe_overflow_concentric_impassable,
          lemuel_tele_altar, lair_entry_dummy,
          nicolae_concentric_dashed_squares_mild, grunt_ministairs_7,
          minivault_4, minivault_21, nicolae_diode_quadrants
Temple:   nicolae_temple_superstar

Skill      XL: |  1  2  3  4  5  6  7  8  9 |
---------------+----------------------------+-----
Shields        | 4 5 6 |  6.7
Fighting       | 4 5 6 |  6.6
Axes           | 3 4 5 6 8 9 |  9.5
Armour         | 4 5 6 7 |  7.0
Dodging        | 1 2 3 4 |  4.2
Throwing       | 2 3 4 |  4.7
Stealth        | 1 |  1.3

Action                   |  1- 3 |  4- 6 |  7- 9 || total
-------------------------+-------+-------+-------++-------
Melee: War axe           |    87 |   115 |   160 ||   362
       Headbutt          |     2 |    22 |    41 ||    65
Throw: Boomerang         |       |    27 |    49 ||    76
       Throwing net      |       |       |     1 ||     1
Evoke: Wand              |       |       |     1 ||     1
Armor: Scale mail        |    56 |    45 |    75 ||   176
Dodge: Dodged            |    40 |    45 |    53 ||   138
Block: Buckler           |    19 |       |       ||    19
       Kite shield       |    20 |    67 |    64 ||   151
       Tower shield      |       |       |    30 ||    30
